AoeStats
← TW_Jerry YT @TW-aoe2noobs

Arena

508448003Analyzed
4v4 RM · 10d ago on Sep 22, 2026· 59m 3s· 8 players
Game mode
Random Map
Map size
Large (8 player)
Population
200
Speed
Normal
Resources
Standard
Victory
Conquest
Starting age
Dark Age
Ending age
Imperial Age
RankedLock teamsTeams togetherTeam positionsShared explorationLock speedFull tech treeHidden civsTurbo modeCheats
Victory
Defeat
🇨🇳 Mongols · China
1482
+17
🇳🇱 Dravidians · Netherlands
1472
+17
🇬🇧 Khmer · United Kingdom
1455
+18
🇩🇪 Persians · Germany
1375
+21
1617
-24
1548
-20
🇹🇼 Turks · Taiwan
1525
-19
1282
-10
Wolf Slayer
11:57 Feudal Age
14:46 Castle Age
12:31 Horse Collar
12:38 Double-Bit Axe
15:41 Bow Saw
15:34 Heavy Plow
20:39 Wheelbarrow
22:52 Hand Cart
27:35 Imperial Age
25:34 Gold Mining
26:55 Bloodlines
27:28 Husbandry
27:35 Scale Barding Armor
28:25 Forging
28:38 Chain Barding Armor
29:14 Tusk Swords
28:37 Elite Battle Elephant
30:45 Plate Barding Armor
30:48 Iron Casting
33:14 Blast Furnace
32:51 Crop Rotation
35:21 Gold Shaft Mining
37:09 Heavy Scorpion
38:19 Double Crossbow
40:12 Chemistry
42:42 Light Cavalry
54:35 Hussar
57:13 Ballistics
57:30 Hoardings
my_dad
10:47 Feudal Age
14:37 Castle Age
13:03 Double-Bit Axe
14:11 Horse Collar
22:59 Wheelbarrow
24:07 Town Watch
24:08 Loom
25:57 Bow Saw
25:48 Heavy Plow
26:32 Hand Cart
29:22 Imperial Age
27:10 Gold Mining
27:46 Bloodlines
27:43 Scale Barding Armor
29:02 Husbandry
29:04 Cavalier
30:06 Chain Barding Armor
30:15 Forging
30:56 Gold Shaft Mining
30:51 Savar
33:01 Plate Barding Armor
34:25 Iron Casting
36:16 Blast Furnace
37:15 Chemistry
41:04 Fletching
42:55 Bodkin Arrow
43:23 Ballistics
43:22 Padded Archer Armor
43:17 Elite Skirmisher
45:08 Two-Man Saw
44:39 Crop Rotation
44:11 Town Patrol
44:40 Conscription
45:05 Leather Archer Armor
45:08 Light Cavalry
49:00 Ring Archer Armor
48:51 Hussar
53:32 Caravan
El_Stino
10:51 Feudal Age
11:58 Double-Bit Axe
14:43 Castle Age
12:32 Horse Collar
15:42 Bow Saw
16:26 Heavy Plow
20:20 Wheelbarrow
21:40 Hand Cart
22:30 Gold Mining
22:30 Stone Mining
25:03 Loom
27:48 Imperial Age
25:58 Fletching
26:09 Padded Archer Armor
26:43 Bodkin Arrow
27:42 Leather Archer Armor
28:14 Elite Elephant Archer
29:22 Ballistics
29:29 Bracer
29:45 Light Cavalry
30:25 Husbandry
32:15 Forging
32:36 Ring Archer Armor
32:12 Scale Barding Armor
32:41 Ring Archer Armor
33:56 Chemistry
33:52 Iron Casting
33:23 Scale Barding Armor
33:33 Pikeman
34:14 Squires
36:35 Wootz Steel
36:17 Scale Mail Armor
37:18 Blast Furnace
35:42 Halberdier
37:25 Chain Mail Armor
38:03 Conscription
37:49 Medical Corps
40:17 Plate Mail Armor
40:08 Chain Barding Armor
42:05 Coinage
41:32 Arson
41:36 Gambesons
42:30 Hoardings
47:12 Masonry
46:57 Murder Holes
47:41 Husbandry
系色望捏
1:39 Loom
10:21 Feudal Age
11:13 Double-Bit Axe
14:03 Castle Age
12:14 Horse Collar
15:08 Bow Saw
21:03 Wheelbarrow
21:09 Wheelbarrow
21:01 Heavy Plow
22:23 Gold Mining
22:22 Loom
23:42 Hand Cart
28:05 Imperial Age
25:46 Fletching
26:07 Stone Mining
27:05 Bodkin Arrow
28:23 Padded Archer Armor
28:55 Bracer
29:57 Chemistry
29:18 Ballistics
30:07 Conscription
29:11 Elite Mangudai
30:19 Thumb Ring
30:40 Parthian Tactics
30:34 Leather Archer Armor
29:56 Man-at-Arms
33:12 Bloodlines
33:03 Husbandry
35:20 Crossbowman
37:45 Nomads
38:08 Scale Barding Armor
38:14 Forging
38:28 Light Cavalry
40:12 Chain Barding Armor
40:47 Capped Ram
41:52 Siege Ram
46:36 Drill
48:39 Iron Casting
50:41 Blast Furnace
56:44 Caravan
TW_Dinko
11:10 Feudal Age
12:26 Horse Collar
15:02 Castle Age
13:08 Double-Bit Axe
16:23 Bow Saw
16:14 Heavy Plow
21:20 Wheelbarrow
21:44 Stone Mining
22:25 Gold Mining
25:43 Padded Archer Armor
25:33 Fletching
25:45 Loom
29:01 Imperial Age
26:49 Hand Cart
26:20 Town Watch
27:15 Gold Shaft Mining
26:55 Bodkin Arrow
27:15 Leather Archer Armor
26:55 Bodkin Arrow
27:06 Scale Barding Armor
28:20 Leather Archer Armor
28:46 Chain Barding Armor
29:41 Ballistics
29:48 Bloodlines
29:38 Husbandry
30:13 Parthian Tactics
29:13 Heavy Cavalry Archer
31:21 Two-Man Saw
30:57 Murder Holes
31:37 Conscription
31:46 Thumb Ring
33:07 Bracer
33:37 Ring Archer Armor
33:43 Plate Barding Armor
33:59 Hoardings
34:24 Sipahi
34:37 Town Patrol
41:17 Artillery
44:09 Coinage
43:40 Caravan
43:51 Guilds
46:46 Forging
49:41 Iron Casting
51:54 Blast Furnace
51:58 Fortified Wall
51:59 Masonry
TW_Jerry YT @TW-aoe2noobs
10:38 Feudal Age
14:25 Castle Age
13:01 Double-Bit Axe
12:59 Horse Collar
15:29 Bow Saw
15:21 Heavy Plow
22:04 Wheelbarrow
22:20 Gold Mining
22:49 Loom
23:49 Gold Shaft Mining
23:05 Stone Mining
28:00 Imperial Age
25:38 Scale Barding Armor
26:13 Forging
27:41 Siege Engineers
27:59 Chain Barding Armor
28:02 Bloodlines
28:05 Husbandry
29:18 Plate Barding Armor
28:05 Elite Steppe Lancer
28:07 Capped Ram
29:54 Hand Cart
31:47 Iron Casting
34:03 Chemistry
32:28 Siege Ram
33:43 Conscription
33:28 Heavy Rocket Cart
36:41 Fortified Bastions
36:40 Elite Iron Pagoda
38:28 Heavy Scorpion
40:06 Masonry
39:37 Treadmill Crane
41:21 Blast Furnace
40:44 Squires
40:05 Pikeman
41:15 Caravan
42:48 Architecture
42:55 Hoardings
42:34 Scale Mail Armor
42:07 Halberdier
44:56 Chain Mail Armor
45:57 Heavy Scorpion
47:44 Ballistics
58:12 Fortified Wall
TW_元元之抱歉太帥了
10:44 Feudal Age
14:29 Castle Age
12:45 Double-Bit Axe
13:04 Horse Collar
15:40 Bow Saw
18:09 Wheelbarrow
20:51 Hand Cart
21:40 Heavy Plow
22:41 Gold Mining
27:42 Imperial Age
25:21 Grand Trunk Road
26:33 Scale Barding Armor
26:39 Forging
26:21 Stone Mining
27:07 Gold Shaft Mining
27:34 Chain Barding Armor
27:28 Bloodlines
27:37 Loom
27:37 Town Watch
28:00 Husbandry
28:02 Heavy Camel Rider
29:18 Iron Casting
29:06 Conscription
30:37 Plate Barding Armor
30:30 Conscription
29:58 Imperial Camel Rider
34:19 Two-Man Saw
34:26 Blast Furnace
33:44 Stone Mining
36:21 Chemistry
38:53 Light Cavalry
39:39 Caravan
40:19 Siege Engineers
41:31 Fletching
41:41 Padded Archer Armor
42:07 Ballistics
42:55 Bodkin Arrow
43:16 Leather Archer Armor
44:16 Thumb Ring
45:07 Bracer
44:34 Elite Skirmisher
46:35 Ring Archer Armor
46:30 Fortified Wall
46:56 Scale Mail Armor
50:18 Hussar
無處安放的驚慌失措
11:04 Feudal Age
15:00 Castle Age
12:58 Double-Bit Axe
12:55 Horse Collar
16:53 Bow Saw
17:22 Bow Saw
20:34 Wheelbarrow
27:35 Imperial Age
25:34 Stone Mining
25:33 Loom
26:21 Scale Barding Armor
26:26 Forging
28:01 Chain Barding Armor
27:56 Heavy Plow
28:25 Bloodlines
28:51 Iron Casting
27:42 Cavalier
28:28 Husbandry
28:49 Hand Cart
31:16 Plate Barding Armor
30:35 Gold Mining
32:09 Chemistry
31:21 Masonry
32:03 Conscription
31:30 Treadmill Crane
31:56 Pikeman
32:31 Halberdier
33:11 Squires
33:14 Scale Mail Armor
34:19 Chain Mail Armor
35:36 Tower Shields
37:07 Arson
44:34 Two-Man Saw
53:26 Light Cavalry
56:49 Fletching
Connection lost

Rejoining the realm…

Still unreachable

The connection could not be restored.

Session expired

The server has moved on; the page needs a fresh start.